[ AOE2 MATCH · #494314740 ]
UnrankedWu vs Mongols
Player's team · LOSS
Rival team · WIN
[ REPLAY ANALYSIS · EXTRACTED FROM THE RECORDED GAME ]
Feudal
10:19
Castle
23:31
Imperial
42:26
| APM avg | 68.3 |
| APM peak | 110 |
| eAPM avg | 41.4 |
| Villagers / military | 217 / 22 |
Focus
⚔️ 37.1% · 🌾 62.9%
Unknown (1968) ×34 · Unknown (1944) ×19 · Skirmisher ×7 · Monk ×6 · Militia ×4 · Spearman ×4
Feudal
9:14
Castle
24:09
Imperial
41:05
| APM avg | 52.9 |
| APM peak | 89 |
| eAPM avg | 27.5 |
| Villagers / military | 128 / 191 |
Focus
⚔️ 35.8% · 🌾 64.2%
Scout Cavalry ×149 · Archer ×13 · Knight ×13 · Mangudai ×5 · Monk ×4 · Trebuchet (Packed) ×3
Match map
Initial resources + every placement click. Lines = walls · curves = elevation contours. ◆ gold · ⬟ stone · ● berries · ✦ relic · ◌ wall gap
Your base· Open — opponent sealed themselves in
TopperHarley14's base· ✓ Closed at 24:09 · 36t walls · no gate
Smoothed initial terrain · ◌ = detected wall gap · hover for details
Inputs per minute
— 奉天讨贼 Latin America lagge - - TopperHarley14
Build order — 奉天讨贼 Latin America lagge
First 150 of 457 actions detected
| 0:01 | Create | Villager (Male) |
| 0:02 | Build | House |
| 0:03 | Build | House |
| 0:05 | Create | Villager (Male) |
| 0:06 | Create | Villager (Male) |
| 0:06 | Create | Villager (Male) |
| 1:29 | Create | Villager (Male) |
| 1:50 | Create | Villager (Male) |
| 1:50 | Create | Villager (Male) |
| 2:14 | Create | Villager (Male) |
| 2:14 | Create | Villager (Male) |
| 2:36 | Build | Lumber Camp |
| 2:40 | Create | Villager (Male) |
| 2:40 | Create | Villager (Male) |
| 3:06 | Create | Villager (Male) |
| 3:25 | Create | Villager (Male) |
| 3:25 | Create | Villager (Male) |
| 3:52 | Build | House |
| 4:08 | Create | Villager (Male) |
| 4:08 | Create | Villager (Male) |
| 4:37 | Create | Villager (Male) |
| 4:37 | Create | Villager (Male) |
| 5:10 | Create | Villager (Male) |
| 5:10 | Create | Villager (Male) |
| 5:14 | Build | Mill |
| 5:39 | Create | Villager (Male) |
| 5:39 | Create | Villager (Male) |
| 5:40 | Create | Villager (Male) |
| 5:40 | Create | Villager (Male) |
| 5:40 | Create | Villager (Male) |
| 5:55 | Create | Villager (Male) |
| 6:36 | Build | House |
| 7:15 | Create | Villager (Male) |
| 7:25 | Build | Barracks |
| 7:43 | Research | Loom |
| 8:05 | Research | Feudal Age |
| 8:05 | Research | Feudal Age |
| 8:09 | Create | Militia |
| 8:09 | Create | Militia |
| 8:59 | Create | Militia |
| 9:00 | Create | Militia |
| 9:19 | Build | Mill |
| 9:57 | Create | Villager (Male) |
| 10:19 | Age | Feudal Age |
| 10:19 | Build | House |
| 10:25 | Create | Spearman |
| 10:25 | Create | Villager (Male) |
| 10:27 | Research | Man-at-Arms (upgrade) |
| 10:35 | Research | Man-at-Arms (upgrade) |
| 10:37 | Research | Double-Bit Axe |
| 10:37 | Research | Double-Bit Axe |
| 10:52 | Create | Villager (Male) |
| 10:52 | Create | Villager (Male) |
| 11:29 | Build | Farm |
| 11:32 | Build | Farm |
| 11:36 | Create | Villager (Male) |
| 11:37 | Create | Villager (Male) |
| 12:03 | Create | Villager (Male) |
| 12:04 | Create | Villager (Male) |
| 12:25 | Create | Villager (Male) |
| 12:26 | Build | Farm |
| 12:50 | Build | Watch Tower |
| 12:53 | Build | Farm |
| 13:04 | Create | Villager (Male) |
| 13:04 | Create | Villager (Male) |
| 13:30 | Create | Villager (Male) |
| 13:32 | Build | Farm |
| 13:33 | Build | Farm |
| 13:35 | Build | House |
| 14:00 | Build | Watch Tower |
| 14:04 | Create | Villager (Male) |
| 14:04 | Create | Villager (Male) |
| 14:08 | Create | Villager (Male) |
| 14:12 | Create | Spearman |
| 14:12 | Create | Spearman |
| 14:29 | Create | Spearman |
| 15:05 | Create | Villager (Male) |
| 15:11 | Create | Villager (Male) |
| 15:15 | Build | Farm |
| 15:26 | Build | Archery Range |
| 15:39 | Create | Villager (Male) |
| 15:49 | Build | House |
| 15:59 | Build | Mining Camp |
| 16:17 | Create | Villager (Male) |
| 16:18 | Create | Villager (Male) |
| 16:18 | Create | Villager (Male) |
| 16:18 | Create | Villager (Male) |
| 16:18 | Create | Villager (Male) |
| 16:22 | Create | Skirmisher |
| 16:22 | Create | Skirmisher |
| 16:25 | Create | Skirmisher |
| 16:26 | Create | Villager (Male) |
| 16:39 | Build | Blacksmith |
| 16:43 | Create | Villager (Male) |
| 16:47 | Build | Palisade Wall |
| 16:52 | Build | Palisade Wall |
| 17:01 | Create | Skirmisher |
| 17:02 | Create | Villager (Male) |
| 17:10 | Build | Farm |
| 17:12 | Create | Villager (Male) |
| 17:15 | Build | Mill |
| 17:19 | Build | House |
| 17:24 | Create | Villager (Male) |
| 17:24 | Create | Villager (Male) |
| 17:24 | Create | Villager (Male) |
| 17:56 | Build | Farm |
| 17:57 | Research | Fletching |
| 18:12 | Create | Skirmisher |
| 18:14 | Build | Farm |
| 18:16 | Build | Farm |
| 18:20 | Build | House |
| 18:21 | Build | House |
| 18:24 | Build | House |
| 18:25 | Create | Villager (Male) |
| 18:43 | Create | Villager (Male) |
| 18:53 | Create | Villager (Male) |
| 18:53 | Create | Villager (Male) |
| 19:08 | Build | Market |
| 19:36 | Build | Farm |
| 19:38 | Build | Farm |
| 19:51 | Create | Villager (Male) |
| 20:47 | Build | Watch Tower |
| 20:51 | Build | Farm |
| 20:51 | Research | Castle Age |
| 20:52 | Research | Castle Age |
| 21:14 | Research | Padded Archer Armor |
| 21:42 | Create | Villager (Male) |
| 21:46 | Create | Skirmisher |
| 21:47 | Create | Skirmisher |
| 21:57 | Build | Farm |
| 22:03 | Build | Palisade Wall |
| 22:05 | Build | Palisade Wall |
| 22:47 | Build | Mining Camp |
| 23:13 | Create | Villager (Male) |
| 23:31 | Age | Castle Age |
| 23:35 | Research | Bodkin Arrow |
| 23:43 | Build | University |
| 23:45 | Create | Villager (Male) |
| 23:58 | Create | Villager (Male) |
| 24:17 | Research | Guard Tower (upgrade) |
| 24:19 | Create | Villager (Male) |
| 24:38 | Build | Town Center |
| 26:04 | Create | Villager (Male) |
| 26:05 | Create | Villager (Male) |
| 26:06 | Create | Villager (Male) |
| 26:09 | Build | Town Center |
| 26:28 | Create | Villager (Male) |
| 26:28 | Create | Villager (Male) |
| 26:29 | Create | Villager (Male) |
| 26:31 | Create | Villager (Male) |
Build order — TopperHarley14
First 150 of 542 actions detected
| 0:00 | Create | Villager (Male) |
| 0:00 | Create | Villager (Male) |
| 0:01 | Create | Villager (Male) |
| 0:02 | Build | House |
| 0:03 | Build | House |
| 0:05 | Create | Villager (Male) |
| 1:24 | Create | Villager (Male) |
| 1:48 | Build | Lumber Camp |
| 1:51 | Create | Villager (Male) |
| 2:24 | Create | Villager (Male) |
| 2:51 | Create | Villager (Male) |
| 2:58 | Create | Villager (Male) |
| 3:18 | Build | Mill |
| 3:31 | Create | Villager (Male) |
| 3:50 | Build | House |
| 4:15 | Create | Villager (Male) |
| 4:45 | Create | Villager (Male) |
| 5:00 | Create | Villager (Male) |
| 5:05 | Create | Villager (Male) |
| 5:28 | Create | Villager (Male) |
| 5:42 | Build | Mill |
| 6:13 | Research | Loom |
| 7:04 | Research | Feudal Age |
| 7:23 | Create | Villager (Male) |
| 7:35 | Build | House |
| 7:55 | Build | Barracks |
| 9:02 | Build | House |
| 9:14 | Age | Feudal Age |
| 9:20 | Build | Stable |
| 9:22 | Research | Double-Bit Axe |
| 9:25 | Create | Villager (Male) |
| 9:49 | Build | House |
| 9:55 | Build | Palisade Wall |
| 9:58 | Build | Palisade Wall |
| 9:59 | Build | Palisade Wall |
| 9:59 | Build | Palisade Wall |
| 10:06 | Create | Villager (Male) |
| 10:06 | Create | Villager (Male) |
| 10:07 | Create | Scout Cavalry |
| 10:07 | Create | Scout Cavalry |
| 10:20 | Build | Palisade Wall |
| 10:26 | Build | Palisade Wall |
| 10:27 | Build | Palisade Wall |
| 10:30 | Create | Villager (Male) |
| 10:30 | Create | Scout Cavalry |
| 11:04 | Build | Blacksmith |
| 11:05 | Build | Palisade Wall |
| 11:07 | Create | Scout Cavalry |
| 11:16 | Create | Villager (Male) |
| 11:32 | Build | Palisade Wall |
| 12:00 | Create | Villager (Male) |
| 12:26 | Create | Villager (Male) |
| 12:27 | Create | Villager (Male) |
| 12:37 | Create | Villager (Male) |
| 12:45 | Create | Villager (Male) |
| 12:52 | Build | Archery Range |
| 12:58 | Build | Archery Range |
| 13:01 | Build | Farm |
| 13:02 | Build | Farm |
| 13:03 | Build | Farm |
| 13:06 | Build | Mining Camp |
| 13:10 | Build | House |
| 13:18 | Build | Watch Tower |
| 13:23 | Build | House |
| 13:28 | Build | House |
| 13:36 | Create | Villager (Male) |
| 13:45 | Create | Archer |
| 14:01 | Build | Farm |
| 14:30 | Create | Villager (Male) |
| 14:30 | Create | Villager (Male) |
| 14:35 | Build | Farm |
| 14:36 | Build | Farm |
| 14:45 | Create | Archer |
| 15:09 | Build | Farm |
| 15:09 | Create | Villager (Male) |
| 15:12 | Build | House |
| 15:14 | Build | House |
| 15:15 | Build | Palisade Wall |
| 15:19 | Create | Archer |
| 15:21 | Create | Villager (Male) |
| 15:40 | Build | Blacksmith |
| 15:46 | Create | Archer |
| 15:47 | Create | Archer |
| 15:51 | Create | Villager (Male) |
| 15:56 | Build | Lumber Camp |
| 15:59 | Build | Lumber Camp |
| 16:01 | Create | Villager (Male) |
| 16:23 | Research | Fletching |
| 16:34 | Build | Palisade Wall |
| 16:39 | Create | Archer |
| 16:44 | Create | Villager (Male) |
| 16:46 | Build | Farm |
| 16:50 | Build | Farm |
| 17:05 | Build | House |
| 17:13 | Create | Archer |
| 17:15 | Create | Villager (Male) |
| 17:15 | Create | Villager (Male) |
| 17:18 | Build | Farm |
| 17:18 | Build | Farm |
| 17:23 | Create | Villager (Male) |
| 17:26 | Create | Archer |
| 17:35 | Build | Farm |
| 17:43 | Create | Villager (Male) |
| 17:51 | Build | Farm |
| 17:52 | Build | Farm |
| 17:56 | Create | Archer |
| 18:11 | Create | Villager (Male) |
| 18:15 | Build | Market |
| 18:20 | Create | Villager (Male) |
| 18:41 | Create | Archer |
| 18:47 | Create | Archer |
| 19:12 | Build | Watch Tower |
| 19:15 | Create | Villager (Male) |
| 19:15 | Create | Villager (Male) |
| 19:17 | Create | Villager (Male) |
| 19:25 | Build | House |
| 19:31 | Create | Villager (Male) |
| 20:17 | Build | Mining Camp |
| 20:39 | Build | Farm |
| 20:39 | Build | Farm |
| 20:41 | Create | Villager (Male) |
| 20:41 | Create | Villager (Male) |
| 21:29 | Research | Castle Age |
| 21:49 | Create | Skirmisher |
| 21:52 | Create | Archer |
| 21:53 | Create | Archer |
| 22:08 | Research | Stone Mining |
| 22:32 | Build | House |
| 22:44 | Research | Wheelbarrow |
| 23:03 | Research | Horse Collar |
| 23:25 | Build | Stable |
| 24:09 | Age | Castle Age |
| 24:20 | Create | Villager (Male) |
| 24:22 | Create | Knight |
| 24:22 | Create | Knight |
| 24:31 | Build | Castle |
| 24:37 | Create | Villager (Male) |
| 24:39 | Create | Knight |
| 24:41 | Research | Scale Barding Armor |
| 25:01 | Build | Castle |
| 25:06 | Create | Villager (Male) |
| 25:09 | Build | House |
| 25:10 | Build | House |
| 25:11 | Build | House |
| 25:35 | Research | Chain Barding Armor |
| 25:43 | Create | Skirmisher |
| 26:20 | Create | Villager (Male) |
| 26:22 | Create | Knight |
| 26:23 | Create | Knight |
| 26:33 | Create | Villager (Male) |
Match timeline
| 7:25 | 奉天讨贼 Latin America lagge · first_building Barracks |
| 7:55 | TopperHarley14 · first_building Barracks |
| 9:14 | TopperHarley14 · age_up feudal |
| 9:20 | TopperHarley14 · first_building Stable |
| 9:55 | TopperHarley14 · wall_segment Palisade Wall x4 |
| 9:58 | TopperHarley14 · wall_segment Palisade Wall x11 |
| 9:59 | TopperHarley14 · wall_segment Palisade Wall x1 |
| 9:59 | TopperHarley14 · wall_segment Palisade Wall x2 |
| 10:19 | 奉天讨贼 Latin America lagge · age_up feudal |
| 10:20 | TopperHarley14 · wall_segment Palisade Wall x3 |
| 10:26 | TopperHarley14 · wall_segment Palisade Wall x7 |
| 10:27 | TopperHarley14 · wall_segment Palisade Wall x1 |
| 11:05 | TopperHarley14 · wall_segment Palisade Wall x1 |
| 11:32 | TopperHarley14 · wall_segment Palisade Wall x6 |
| 12:52 | TopperHarley14 · first_building Archery Range |
| 15:15 | TopperHarley14 · wall_segment Palisade Wall x1 |
| 15:26 | 奉天讨贼 Latin America lagge · first_building Archery Range |
| 16:34 | TopperHarley14 · wall_segment Palisade Wall x1 |
| 16:47 | 奉天讨贼 Latin America lagge · wall_segment Palisade Wall x5 |
| 16:52 | 奉天讨贼 Latin America lagge · wall_segment Palisade Wall x3 |
| 19:01 | TopperHarley14 · first_market_sell 100 food |
| 19:03 | TopperHarley14 · first_market_buy 100 stone |
| 20:20 | 奉天讨贼 Latin America lagge · first_market_buy 100 food |
| 20:23 | 奉天讨贼 Latin America lagge · first_market_sell 100 wood |
| 22:03 | 奉天讨贼 Latin America lagge · wall_segment Palisade Wall x2 |
| 22:05 | 奉天讨贼 Latin America lagge · wall_segment Palisade Wall x3 |
| 23:31 | 奉天讨贼 Latin America lagge · age_up castle |
| 24:09 | TopperHarley14 · age_up castle |
| 24:31 | TopperHarley14 · first_building Castle |
| 28:32 | 奉天讨贼 Latin America lagge · wall_segment Palisade Wall x1 |
| 29:24 | 奉天讨贼 Latin America lagge · first_building Monastery |
| 29:47 | 奉天讨贼 Latin America lagge · first_building Castle |
| 30:03 | TopperHarley14 · first_building Monastery |
| 32:52 | TopperHarley14 · first_building Siege Workshop |
| 35:35 | 奉天讨贼 Latin America lagge · first_building Siege Workshop |
| 36:02 | 奉天讨贼 Latin America lagge · wall_segment Palisade Wall x1 |
| 36:03 | 奉天讨贼 Latin America lagge · wall_segment Palisade Wall x1 |
| 37:40 | 奉天讨贼 Latin America lagge · first_building Stable |
| 41:05 | TopperHarley14 · age_up imperial |
| 42:26 | 奉天讨贼 Latin America lagge · age_up imperial |
| 46:21 | 奉天讨贼 Latin America lagge · resign |
[ AI ANALYSIS · 1 CREDIT ]
What really happened in this match?
Wolo.gg analyzes every decision: build order, eco, micro, common mistakes by bracket. Personalized analysis on WhatsApp or Discord in 30 seconds.
Civ guide
Wu
Perfil
奉天讨贼 Latin America lagge